AoeStats
← wolololigma

Fortress

509531346Analyzed
3v3 RM · 4d ago on Sep 27, 2026· 47m 37s· 6 players
Game mode
Random Map
Map size
Large (8 player)
Population
200
Speed
Normal
Resources
Standard
Victory
Conquest
Starting age
Dark Age
Ending age
Imperial Age
RankedLock teamsTeams togetherTeam positionsShared explorationLock speedFull tech treeHidden civsTurbo modeCheats
Victory
Defeat
🇺🇸 Jurchens · United States
1121
+13
🇺🇸 Saxons · United States
1114
+13
🇺🇸 Teutons · United States
1014
+18
🇦🇷 Huns · Argentina
1060
-15
🇦🇷 Goths · Argentina
1053
-15
🇦🇷 Franks · Argentina
1032
-14
Squatch360
6:56 Feudal Age
10:42 Castle Age
8:48 Double-Bit Axe
9:09 Horse Collar
12:42 Bow Saw
14:03 Loom
14:53 Heavy Plow
18:26 Wheelbarrow
20:08 Hand Cart
19:55 Gambesons
25:12 Imperial Age
22:34 Man-at-Arms
23:19 Squires
23:35 Long Swordsman
24:18 Scale Mail Armor
24:29 Forging
25:29 Arson
25:54 Two-Handed Swordsman
26:56 Chain Mail Armor
27:32 Crop Rotation
28:14 Two-Man Saw
27:18 Shield Wall
27:56 Treadmill Crane
29:10 Plate Mail Armor
28:50 Champion
30:14 Conscription
31:41 Iron Casting
30:49 Crossbowman
31:35 Thumb Ring
32:29 Fletching
32:40 Padded Archer Armor
32:34 Arbalester
34:04 Bodkin Arrow
34:24 Leather Archer Armor
35:36 Bracer
36:06 Siege Engineers
36:22 Ballistics
37:03 Chemistry
37:57 Ring Archer Armor
38:05 Hoardings
41:58 Scale Barding Armor
44:54 Masonry
44:56 Fortified Wall
44:43 Murder Holes
FrenchFryd
7:16 Feudal Age
11:57 Castle Age
10:09 Double-Bit Axe
10:13 Horse Collar
15:23 Wheelbarrow
16:40 Loom
17:54 Hand Cart
20:14 Bloodlines
20:43 Forging
22:08 Husbandry
22:21 Heavy Plow
25:33 Gold Mining
25:33 Stone Mining
28:16 Imperial Age
27:27 Iron Casting
26:57 Scale Barding Armor
27:32 Treadmill Crane
27:58 Fortified Bastions
28:00 Fletching
29:05 Masonry
29:08 Fortified Wall
30:37 Blast Furnace
31:34 Caravan
32:56 Conscription
33:09 Chain Barding Armor
32:51 Scale Mail Armor
32:47 Bodkin Arrow
33:30 Elite Iron Pagoda
35:07 Plate Barding Armor
34:58 Masonry
34:43 Murder Holes
36:16 Pikeman
36:17 Elite Fire Lancer
38:03 Padded Archer Armor
37:23 Heavy Rocket Cart
41:45 Crop Rotation
41:52 Gold Shaft Mining
41:28 Bow Saw
42:35 Bracer
42:01 Light Cavalry
43:53 Hoardings
45:46 Thunderclap Bombs
wolololigma
1:38 Loom
7:26 Feudal Age
8:09 Double-Bit Axe
9:01 Horse Collar
15:47 Castle Age
15:36 Gold Mining
15:37 Stone Mining
19:51 Wheelbarrow
19:23 Heavy Plow
19:35 Bow Saw
28:14 Pikeman
29:42 Forging
29:32 Scale Mail Armor
30:17 Arson
31:18 Iron Casting
30:46 Squires
31:16 Hand Cart
35:40 Imperial Age
33:33 Chain Mail Armor
34:01 Fletching
34:11 Padded Archer Armor
36:29 Caravan
37:30 Conscription
37:24 Elite Skirmisher
39:00 Siege Engineers
39:17 Ballistics
40:17 Cavalier
42:08 Bodkin Arrow
42:28 Leather Archer Armor
43:13 Blast Furnace
42:43 Plate Mail Armor
44:11 Two-Man Saw
44:15 Paladin
45:42 Elite Teutonic Knight
46:50 Ironclad
Pablo
8:45 Feudal Age
8:13 Loom
9:11 Loom
10:20 Double-Bit Axe
12:42 Castle Age
10:32 Loom
11:24 Horse Collar
12:33 Bloodlines
12:33 Scale Barding Armor
14:10 Gold Mining
15:21 Forging
20:10 Husbandry
22:34 Marauders
23:13 Chain Barding Armor
27:31 Heavy Plow
28:43 Wheelbarrow
32:04 Imperial Age
29:35 Fletching
30:55 Hand Cart
30:38 Bodkin Arrow
31:45 Padded Archer Armor
32:47 Bracer
33:53 Chemistry
33:20 Conscription
33:58 Ballistics
34:40 Bow Saw
34:21 Heavy Cavalry Archer
35:08 Thumb Ring
35:01 Town Watch
35:44 Leather Archer Armor
37:29 Parthian Tactics
37:42 Iron Casting
39:45 Plate Barding Armor
40:11 Blast Furnace
40:05 Cavalier
41:01 Paladin
41:56 Light Cavalry
45:23 Hussar
47:08 Caravan
Fibonaku
1:45 Loom
8:37 Feudal Age
12:41 Castle Age
10:49 Double-Bit Axe
10:54 Horse Collar
17:00 Bow Saw
20:10 Wheelbarrow
21:09 Fletching
22:30 Heavy Plow
23:25 Bodkin Arrow
24:36 Hand Cart
26:25 Gold Mining
29:24 Imperial Age
26:41 Town Watch
27:10 Stone Mining
27:27 Murder Holes
28:04 Anarchy
28:24 Scale Mail Armor
28:35 Forging
28:32 Town Patrol
28:37 Squires
27:59 Pikeman
30:01 Chain Mail Armor
30:04 Squires
30:27 Man-at-Arms
32:00 Iron Casting
31:04 Long Swordsman
32:20 Conscription
32:14 Bracer
33:47 Halberdier
39:24 Blast Furnace
45:50 Two-Man Saw
El.Profesor
0:31 Loom
9:08 Feudal Age
13:38 Castle Age
11:37 Double-Bit Axe
11:53 Gold Mining
12:32 Town Watch
14:29 Wheelbarrow
14:35 Stone Mining
14:58 Bow Saw
26:33 Imperial Age
25:21 Forging
24:59 Light Cavalry
26:06 Scale Mail Armor
26:41 Iron Casting
27:24 Ballistics
27:25 Hand Cart
27:50 Gold Shaft Mining
28:55 Chemistry
28:53 Conscription
28:34 Chivalry
29:26 Elite Throwing Axeman
32:00 Blast Furnace
31:15 Chain Mail Armor
34:45 Cavalier
35:27 Husbandry
35:41 Scale Barding Armor
39:12 Plate Mail Armor
39:03 Chain Barding Armor
42:12 Plate Barding Armor
47:40 Caravan
Connection lost

Rejoining the realm…

Still unreachable

The connection could not be restored.

Session expired

The server has moved on; the page needs a fresh start.